 Dungeon Crawl Stone Soup version 0.25.0-46-gbd7b0854d2 (webtiles) character file.

Game seed: 648231056962482952

1362 Ethylacetat the Archer (level 8, 0/76 HPs)
             Began as a Naga Hunter on July 12, 2020.
             Slain by Prince Ribbit (8 damage)
             ... on level 5 of the Dungeon.
             The game lasted 00:14:08 (5991 turns).

Ethylacetat the Archer (Naga Hunter)                Turns: 5991, Time: 00:14:09

Health: 0/76       AC:  8    Str: 17      XL:     8   Next: 64%
Magic:  8/8        EV:  5    Int: 10 (11) God:
Gold:   212        SH:  0    Dex: 12      Spells: 7/7 levels left

rFire    + + .     SeeInvis +   x - +4 quarterstaff (chaos)
rCold    + . .     Gourm    .   (shield currently unavailable)
rNeg     . . .     Faith    .   w - +2 chain mail {rF+}
rPois    +         Spirit   .   (no helmet)
rElec    .         Reflect  .   c - scarf {rC+ rF+}
rCorr    .         Harm     .   (no gloves)
MR       +....                  (no barding)
Stlth    ..........             (no amulet)
HPRegen  0.22/turn              (no ring)
MPRegen  0.11/turn              (no ring)

@: very slow
A: large, see invisible, deformed body, poison resistance, slowness 2, slow
metabolism 1, spit poison 1, AC +2
a: Spit Poison


You were on level 5 of the Dungeon.
You were not hungry.

You visited 1 branch of the dungeon, and saw 5 of its levels.

You collected 212 gold pieces.

Inventory:

Hand Weapons
 a - a +1 shortbow
 l - a +2 dagger of protection
 x - a +4 quarterstaff of chaos (weapon)
Missiles
 d - 102 arrows
 h - a throwing net (quivered)
Armour
 c - a scarf of resistance (worn)
 w - a +2 chain mail of fire resistance (worn)
Wands
 s - a wand of digging (5)
Scrolls
 b - a scroll of torment {unknown}
 i - 7 scrolls of teleportation {unknown}
 j - 2 scrolls of immolation {unknown}
 k - 3 scrolls of enchant armour {unknown}
 n - 6 scrolls of identify {unknown}
 o - a scroll of fear {unknown}
 p - 2 scrolls of magic mapping {unknown}
 q - 5 scrolls of remove curse {unknown}
 t - a scroll of amnesia {unknown}
 v - 2 scrolls of enchant weapon {unknown}
Potions
 e - a potion of might {unknown}
 g - 2 potions of lignification {unknown}
 m - 6 potions of curing {unknown}
 r - a potion of heal wounds
 u - a potion of mutation {unknown}
Comestibles
 f - 5 rations
 z - a chunk of flesh


   Skills:
 + Level 6.2 Fighting
 * Level 8.6 Bows
 - Level 1.5 Dodging
 - Level 1.5 Stealth


You had 7 spell levels left.
You didn't know any spells.
Your spell library was empty.

Dungeon Overview and Level Annotations

Branches:
Dungeon (5/15)
 Temple: D:4-7

Altars:
Ashenzari
Dithmenos
Elyvilon
Gozag
Nemelex Xobeh
Uskayaw
The Shining One

Shops:
D:5 ?

Portals:
Abyss: D:3

Annotations:
D:3 2 transporters, harlaan's ghost, weakling DESu
D:5 Prince Ribbit


Innate Abilities, Weirdness & Mutations

You cannot wear boots.
Your serpentine skin is tough. (AC +2)
You have supernaturally acute eyesight. (SInv)
Armour fits poorly on your strangely shaped body.
Your system is resistant to poisons. (rPois)
You cover ground very slowly.
You have a slow metabolism.
You can spit poison.


Message History

Prince Ribbit hits you. Prince Ribbit hits you!
You completely miss Prince Ribbit.
Prince Ribbit is lightly wounded.
Prince Ribbit hits you! x2
You have got your breath back.
Prince Ribbit hits you!
* * * LOW HITPOINT WARNING * * *
Prince Ribbit hits you!
* * * LOW HITPOINT WARNING * * *
You closely miss Prince Ribbit.
Prince Ribbit is lightly wounded.
Prince Ribbit hits you.
* * * LOW HITPOINT WARNING * * *
Prince Ribbit closely misses you.
You thump Prince Ribbit!
Prince Ribbit is moderately wounded.
Prince Ribbit hits you.
* * * LOW HITPOINT WARNING * * *
Prince Ribbit hits you!
You die...

###....... ##......##.#
###......... #..........#
........../.#######.##########
.........................#
.........................#
........<....$...........#
.....#####.......).......#
...### #...............# ...#
#......@........# ...#
#......F........# ####
#.........#...###
######.####....# #.. .....# #
#### ##..... # ..... # ..... #


You could see Prince Ribbit.

Vanquished Creatures
  Sigmund (D:5)
  A water moccasin (D:5)
  2 phantoms (D:5)
  2 ogres
  A bullfrog (D:5)
  A scorpion (D:5)
  2 howler monkeys (D:4)
  2 crimson imps (D:5)
  Crazy Yiuf (D:5)
  A centaur skeleton (D:5)
  2 hounds (D:5)
  A bullfrog skeleton (D:4)
  An orc priest (D:3)
  Terence (D:3)
  4 worker ants
  A hound skeleton (D:5)
  3 adders
  4 gnolls
  A shadow imp (D:5)
  An ooze (D:2)
  4 worms (D:2)
  3 dart slugs
  3 leopard geckos
  10 orcs
  5 bats
  6 giant cockroaches
  6 goblins
  5 hobgoblins
  6 jackals (D:1)
  2 quokkas
  2 frilled lizards
  8 kobolds
  3 rats
96 creatures vanquished.

Vanquished Creatures (others)
  A plant (D:2)
1 creature vanquished.

Grand Total: 97 creatures vanquished

Notes
Turn   | Place    | Note
-------+----------+-------------------------------------------
     0 | D:1      | Ethylacetat the Naga Hunter began the quest for the Orb.
     0 | D:1      | Reached XP level 1. HP: 19/19 MP: 1/1
    95 | D:1      | Reached XP level 2. HP: 8/26 MP: 2/2
   345 | D:1      | Reached skill level 4 in Bows
   700 | D:1      | Reached XP level 3. HP: 18/33 MP: 3/3
  1652 | D:2      | Noticed a +0 dagger
  1652 | D:2      | Noticed a +0 hand axe
  1653 | D:2      | Found a hide-covered altar of Uskayaw.
  1667 | D:2      | Reached XP level 4. HP: 34/40 MP: 4/4
  1850 | D:2      | Found a sparkling altar of Nemelex Xobeh.
  2160 | D:2      | Reached skill level 5 in Bows
  2189 | D:2      | Found a shadowy altar of Dithmenos.
  2626 | D:3      | Reached XP level 5. HP: 49/49 MP: 5/5
  2766 | D:3      | Found a shattered altar of Ashenzari.
  2927 | D:3      | Found a transporter.
  3037 | D:3      | Identified the +3 whip of the Enemy {distort, MR+ Str+4}
  3051 | D:3      | Found a transporter.
  3052 | D:3      | Found a one-way gate to the infinite horrors of the Abyss.
  3057 | D:3      | Noticed harlaan's ghost (weakling DESu)
  3073 | D:3      | Noticed a toenail golem
  3186 | D:3      | Found a faded altar of an unknown god.
  3188 | D:3      | Noticed Terence
  3217 | D:3      | Killed Terence
  3497 | D:4      | Reached XP level 6. HP: 32/57 MP: 6/6
  3884 | D:4      | Reached skill level 6 in Bows
  4030 | D:4      | Found a glowing golden altar of the Shining One.
  4167 | D:4      | Reached XP level 7. HP: 50/66 MP: 7/7
  4249 | D:4      | Found a white marble altar of Elyvilon.
  4455 | D:4      | Found an opulent altar of Gozag.
  4567 | D:5      | Entered Level 5 of the Dungeon
  4812 | D:5      | Reached skill level 7 in Bows
  4955 | D:5      | Reached skill level 5 in Fighting
  5088 | D:5      | Found a runed translucent door.
  5089 | D:5      | Noticed Crazy Yiuf
  5109 | D:5      | Killed Crazy Yiuf
  5344 | D:5      | Reached XP level 8. HP: 67/75 MP: 8/8
  5481 | D:5      | Noticed Prince Ribbit
  5495 | D:5      | Reached skill level 8 in Bows
  5847 | D:5      | Noticed Sigmund
  5854 | D:5      | Killed Sigmund
  5941 | D:5      | Found Fedah's Magic Scroll Shop.
  5991 | D:5      | Slain by Prince Ribbit

Illustrated notes

Levels and vault maps discovered:
D:1:      minmay_arrival_floating_metal, layout_rooms
D:2:      layout_basic, dancing_weapons_uskayaw,
          nemelex_xobeh_ov_fountains_minmay, nicolae_overflow_hidden_temple,
          serial_forest, infiniplex_forest_end_1, infiniplex_forest_clump_C,
          infiniplex_forest_lined_corner, infiniplex_forest_clump_C,
          infiniplex_forest_zigzag_1, infiniplex_forest_clump_diagonal,
          infiniplex_forest_straight_2, infiniplex_forest_straight_4,
          infiniplex_forest_fountain, first_ration, minmay_tromino_i4
D:3:      layout_loops_cross, old_standard_altar,
          chequers_ecumenical_altar_island, gammafunk_ghost_abyssal_escape,
          uniq_terence
D:4:      layout_rooms, kennysheep_mini_moat, elyvilon_altar_1,
          nicolae_gozag_cash_rules_everything_around_me
D:5:      layout_basic, slow_altar_1, serial_shops, shop,
          uniq_crazy_yiuf_cottage, uniq_prince_ribbit1, uniq_sigmund

Skill      XL: |  1  2  3  4  5  6  7  8 |
---------------+-------------------------+-----
Bows           | 4 5 6 7 8 |  8.6
Fighting       | 3 4 5 6 |  6.2
Dodging        | |  1.5
Stealth        | |  1.5

Action                   |  1- 3 |  4- 6 |  7- 9 || total
-------------------------+-------+-------+-------++-------
Melee: Short sword       |    42 |       |       ||    42
       Dagger            |    76 |   173 |   215 ||   464
       Quarterstaff      |       |       |    56 ||    56
 Fire: Shortbow          |       |       |    21 ||    21
Throw: Throwing net      |       |     1 |       ||     1
 Abil: Spit Poison       |    27 |    40 |    12 ||    79
  Use: Potion            |       |       |     2 ||     2
 Stab: Sleeping          |     1 |       |       ||     1
  Eat: Chunk             |     3 |     9 |     2 ||    14
       Ration            |       |       |     1 ||     1
Armor: Leather armour    |    44 |    62 |       ||   106
       Chain mail        |       |    46 |   203 ||   249
Dodge: Dodged            |    56 |    78 |    70 ||   204
